 Dungeon Crawl Stone Soup version 0.28-a0-938-gbc3f381ebc (webtiles) character file.

Game seed: 14663517949816230636

443 enile the Ducker (level 7, -4/56 HPs)
             Began as a Gnoll Wanderer on Nov 29, 2021.
             Slain by Crazy Yiuf (9 damage)
             ... on level 3 of the Dungeon.
             The game lasted 00:06:37 (3905 turns).

enile the Ducker (Gnoll Wanderer)                   Turns: 3905, Time: 00:06:37

Health: -4/56      AC:  7    Str: 13    XL:     7   Next: 2%
Magic:  10/10      EV: 11    Int: 12    God:
Gold:   121        SH:  0    Dex: 11    Spells: 10/10 levels left

rFire   . . .      SeeInvis .   g - +0 bardiche (flame)
rCold   . . .      Faith    .   (shield currently unavailable)
rNeg    . . .      Spirit   .   l - +0 scale mail
rPois   .          Reflect  .   k - +0 helmet
rElec   .          Harm     .   (no cloak)
rCorr   .          Rampage  .   (no gloves)
Will    .....                   (no boots)
Stlth   +.........              (no amulet)
HPRegen 0.18/turn               (no ring)
MPRegen 0.12/turn               (no ring)

@: no status effects
A: fangs 1, strong nose, distributed training
a: no special abilities


You were on level 3 of the Dungeon.
You visited 1 branch of the dungeon, and saw 3 of its levels.

You collected 121 gold pieces.

Inventory:

Hand Weapons
 a - a +2 dagger
 g - a +0 bardiche of flaming (weapon)
 j - a +0 double sword
 m - a +1 dagger of speed
 r - a +4 dagger
 s - a +2 dagger of speed
Missiles
 p - 3 poisoned darts (quivered)
Armour
 d - a +0 robe
 k - a +0 helmet (worn)
 l - a +0 scale mail (worn)
Magical Staves
 f - a staff of earth
Scrolls
 b - a scroll of fear
 h - a scroll of identify {unknown}
 n - a scroll of blinking {unknown}
 o - a scroll of enchant weapon {unknown}
 u - a scroll of acquirement {unknown}
Potions
 c - a potion of curing
 e - a potion of attraction {unknown}
 i - a potion of haste {unknown}
 q - a potion of might
 t - a potion of invisibility {unknown}


   Skills:
 + Level 5.1 Fighting
 + Level 3.4 Short Blades
 + Level 2.2 Long Blades
 + Level 2.2 Axes
 + Level 2.2 Maces & Flails
 + Level 3.4 Polearms
 + Level 2.2 Staves
 + Level 2.2 Slings
 + Level 2.2 Bows
 + Level 2.2 Crossbows
 + Level 3.4 Throwing
 + Level 2.2 Armour
 + Level 6.9 Dodging
 + Level 3.2 Stealth
 + Level 3.4 Shields
 + Level 2.2 Unarmed Combat
 + Level 2.2 Spellcasting
 + Level 1.8 Conjurations
 + Level 1.8 Hexes
 + Level 1.8 Summonings
 + Level 1.8 Necromancy
 + Level 1.8 Translocations
 + Level 1.8 Transmutations
 + Level 1.8 Fire Magic
 + Level 1.8 Ice Magic
 + Level 1.8 Air Magic
 + Level 1.8 Earth Magic
 + Level 1.8 Poison Magic
 + Level 2.4 Invocations
 + Level 2.2 Evocations


You had 10 spell levels left.
You didn't know any spells.
Your spell library was empty.

Dungeon Overview and Level Annotations

Branches:
Dungeon (3/15)

Altars:
Fedhas

Annotations:
D:3 Crazy Yiuf


Innate Abilities, Weirdness & Mutations

You have very sharp teeth.
Your uncanny sense of smell can sniff out nearby items.
Your experience applies equally to all skills.


Message History

Crazy Yiuf shouts!
Could not explore, unopened runed door.
As you open the door, it creaks loudly!
You reach to attack!
You hit Crazy Yiuf. You burn Crazy Yiuf.
Crazy Yiuf is moderately wounded.
Crazy Yiuf hits you with a +2 quarterstaff of chaos!
Crazy Yiuf draws strength from your wounds!
You barely miss Crazy Yiuf. Your bite misses Crazy Yiuf.
Crazy Yiuf hits you with a +2 quarterstaff of chaos!
You are poisoned.
Crazy Yiuf barely misses you.
Sorry, you're not good enough to have a special ability.
You hit Crazy Yiuf. You burn Crazy Yiuf.
Crazy Yiuf is moderately wounded.
You feel very sick.
Crazy Yiuf hits you with a +2 quarterstaff of chaos!
Crazy Yiuf hits you with a +2 quarterstaff of chaos.
* * * LOW HITPOINT WARNING * * *
Crazy Yiuf freezes you.
* * * LOW HITPOINT WARNING * * *
You feel better.
Crazy Yiuf hits you with a +2 quarterstaff of chaos.
Crazy Yiuf freezes you.
* * * LOW HITPOINT WARNING * * *
Crazy Yiuf cries, "You leg down broken song, no?"
Crazy Yiuf says, "Flower!
You bush senile."
Crazy Yiuf grits, "Whiteboard!"
Crazy Yiuf screams, "Leather!
Tosser hand head."
Crazy Yiuf laughs, "Walk!
Tonal disdain tortoise."
Crazy Yiuf cries, "Leather foot pontify!"
Crazy Yiuf screams, "Aardvark tortoise arga!"
Sorry, you're not good enough to have a special ability.
Crazy Yiuf hits you with a +2 quarterstaff of chaos!
* * * LOW HITPOINT WARNING * * *
You are confused.
You feel better.
Crazy Yiuf hits you with a +2 quarterstaff of chaos!
* * * LOW HITPOINT WARNING * * *
You are electrocuted!
You die...

# #...# #.# # ###.# #.# #
### ### #.# #<# # #.# #.#
#.# #.# # #.# #.# #.# #.# #
#.# #.# #.# #.# # #.#
######.######.######.# #
#.# #....).g......##..(..#
#
##.###.####@######.##+##.##
######...##.####.#
#.#≈≈≈#.#
....).....#.#....#
#.'≈≈≈'.#
######<..##.#.####
###≈≈≈### #..###.#.# ##+###
#..# #.#.# #.#.# # #..#
#.#.# #########...# # #..#
#.#.####...........# # #..#
#......#>###########


You could see Crazy Yiuf.

Vanquished Creatures
  Grinder (D:3)
  2 orc priests (D:3)
  An iguana (D:3)
  3 adders (D:2)
  4 gnolls (D:3)
  A worm (D:2)
  7 orcs (D:3)
  6 endoplasms
  3 giant cockroaches
  12 hobgoblins
  A quokka (D:1)
  5 ball pythons
  5 bats
  6 frilled lizards
  17 goblins
  5 kobolds
  5 rats
84 creatures vanquished.

Vanquished Creatures (others)
  2 plants (D:3)
2 creatures vanquished.

Grand Total: 86 creatures vanquished

Notes
Turn   | Place    | Note
-------+----------+-------------------------------------------
     0 | D:1      | enile the Gnoll Wanderer began the quest for the Orb.
     0 | D:1      | enile set off with the following items: a +2 dagger, a
                  | scroll of fear, 2 potions of curing, a +0 robe
     0 | D:1      | Reached XP level 1. HP: 20/20 MP: 1/1
   201 | D:1      | Reached XP level 2. HP: 26/26 MP: 2/2
  1188 | D:1      | Reached XP level 3. HP: 29/31 MP: 3/3
  1464 | D:2      | Reached skill level 1 in Invocations
  1632 | D:2      | Reached skill level 1 in Long Blades
  1632 | D:2      | Reached skill level 1 in Axes
  1632 | D:2      | Reached skill level 1 in Maces & Flails
  1632 | D:2      | Reached skill level 1 in Staves
  1632 | D:2      | Reached skill level 1 in Slings
  1632 | D:2      | Reached skill level 1 in Bows
  1632 | D:2      | Reached skill level 1 in Crossbows
  1632 | D:2      | Reached skill level 1 in Armour
  1632 | D:2      | Reached skill level 1 in Unarmed Combat
  1632 | D:2      | Reached skill level 1 in Spellcasting
  1632 | D:2      | Reached skill level 1 in Evocations
  1658 | D:2      | Found a faded altar of an unknown god.
  1783 | D:2      | Reached XP level 4. HP: 33/38 MP: 5/5
  2337 | D:3      | Reached skill level 1 in Conjurations
  2337 | D:3      | Reached skill level 1 in Hexes
  2337 | D:3      | Reached skill level 1 in Summonings
  2337 | D:3      | Reached skill level 1 in Necromancy
  2337 | D:3      | Reached skill level 1 in Translocations
  2337 | D:3      | Reached skill level 1 in Transmutations
  2337 | D:3      | Reached skill level 1 in Fire Magic
  2337 | D:3      | Reached skill level 1 in Ice Magic
  2337 | D:3      | Reached skill level 1 in Air Magic
  2337 | D:3      | Reached skill level 1 in Earth Magic
  2337 | D:3      | Reached skill level 1 in Poison Magic
  2350 | D:3      | Found a runed translucent door.
  2351 | D:3      | Noticed Crazy Yiuf
  2539 | D:3      | Reached XP level 5. HP: 32/43 MP: 6/6
  2812 | D:3      | Noticed Grinder
  2814 | D:3      | Killed Grinder
  2815 | D:3      | Reached skill level 5 in Fighting
  2815 | D:3      | Reached XP level 6. HP: 51/51 MP: 7/9
  2861 | D:3      | Found a blossoming altar of Fedhas.
  3657 | D:3      | Reached XP level 7. HP: 48/56 MP: 10/10
  3905 | D:3      | Slain by Crazy Yiuf

Illustrated notes

Levels and vault maps discovered:
D:1:      heliophobic_arrival_henge, layout_basic, lemuel_another_geyser
D:2:      layout_basic, ebering_ecumenical_altar_petrified
D:3:      cheibrodos_greedy_goblins, layout_loops_ring, fedhas_altar_1,
          minmay_liquid_box, uniq_grinder, uniq_crazy_yiuf_cottage

Skill      XL: |  1  2  3  4  5 |
---------------+----------------+-----
Invocations    | 1 2 |  2.4
Long Blades    | 1 2 |  2.2
Axes           | 1 2 |  2.2
Maces & Flails | 1 2 |  2.2
Staves         | 1 2 |  2.2
Slings         | 1 2 |  2.2
Bows           | 1 2 |  2.2
Crossbows      | 1 2 |  2.2
Armour         | 1 2 |  2.2
Unarmed Combat | 1 2 |  2.2
Spellcasting   | 1 2 |  2.2
Evocations     | 1 2 |  2.2
Conjurations   | 1 |  1.8
Hexes          | 1 |  1.8
Summonings     | 1 |  1.8
Necromancy     | 1 |  1.8
Translocations | 1 |  1.8
Transmutations | 1 |  1.8
Fire Magic     | 1 |  1.8
Ice Magic      | 1 |  1.8
Air Magic      | 1 |  1.8
Earth Magic    | 1 |  1.8
Poison Magic   | 1 |  1.8
Fighting       | 5 |  5.1
Short Blades   | 3 |  3.4
Polearms       | 3 |  3.4
Throwing       | 3 |  3.4
Stealth        | 3 |  3.2
Shields        | 3 |  3.4
Dodging        | |  6.9

Action                   |  1- 3 |  4- 6 |  7- 9 || total
-------------------------+-------+-------+-------++-------
Melee: Dagger            |    18 |       |       ||    18
       Bardiche          |   109 |   123 |    27 ||   259
       Bite              |     5 |     9 |       ||    14
  Use: Potion            |       |       |     2 ||     2
 Stab: Sleeping          |     1 |       |       ||     1
       Distracted        |       |     1 |       ||     1
Armor: Robe              |    39 |     7 |       ||    46
       Scale mail        |       |    51 |    21 ||    72
Dodge: Dodged            |   174 |    85 |    15 ||   274

Table legend: (Time is in decaauts)
 A = Elapsed time spent in this place.
 B = Non-inter-level travel time spent in this place.
 C = Inter-level travel time spent in this place.
 D = Time resting spent in this place.
 E = Time spent auto-exploring this place.
 F = Levels seen in this place.
 G = Mean time per level.
                   A        B        C        D        E       F      G
               +--------+--------+--------+--------+--------+-----+--------+
         Total |   4098 |   4047 |     51 |      0 |   3258 |   3 | 1366.0 |
       Dungeon |   4098 |   4047 |     51 |      0 |   3258 |   3 | 1366.0 |
               +--------+--------+--------+--------+--------+-----+--------+

Top non-repeatable levels by time:
     D:3: 1682 daAuts
     D:1: 1335 daAuts
     D:2: 1080 daAuts
